Map: Ruins of Seras

Players

SticklerMac - Winner!

  • Race: Zerg Zerg
  • League: Silver

Skeptik

  • Race: Terran Terran
  • League: Grandmaster

VOD

Have the link to the VOD?

Description

Time

  • Played on: Oct. 1, 2015, 2:47 p.m.
  • Length: 10:25
Show
View Real Time Build Order
Export as new Build Order

SticklerMac Zerg - Winner!

Build Orders: Hatch First 

Get SALT Encoding   

  12  0:02  Drone  
  13  0:08  Drone  
  14  0:17  Overlord  
  14  0:36  Drone x3  
  17  0:55  Hatchery  
  16  0:57  Drone  
  16  1:01  Drone  
  16  1:03  Extractor  
  17  1:18  Spawning Pool  
  16  1:20  Drone  
  17  1:27  Drone  
  17  1:30  Drone  
  19  1:41  Drone  
  20  1:51  Drone  
  21  2:02  Drone  
  21  2:06  Metabolic Boost  
  21  2:08  Queen x2  
  24  2:12  Drone  
  24  2:13  Drone  
  28  2:24  Overlord  
  28  2:43  Drone x2  
  30  2:44  Drone  
  30  2:48  Hatchery  
  30  2:50  Drone x2  
  32  2:58  Lair  
  32  3:03  Drone x2  
  34  3:09  Drone  
  35  3:15  Drone  
  36  3:21  Extractor  
  36  3:22  Overlord  
  36  3:23  Drone  
  36  3:31  Overlord x2  
  36  3:52  Queen  
  38  3:56  Queen  
  38  4:02  Infestation Pit  
  39  4:03  Drone x6  
  39  4:04  Drone x6  
  39  4:06  Drone  
  52  4:16  Drone  
  53  4:19  Drone x5  
  53  4:22  Extractor  
  53  4:23  Extractor  
  56  4:24  Drone  
  56  4:25  Drone  
  56  4:26  Drone  
  59  4:42  Drone  
  59  4:43  Drone x6  
  66  4:50  Overlord  
  66  4:51  Overlord x2  
  66  5:00  Hive  
  57  5:28  Drone  
  57  5:29  Drone x3, Queen x2  
  60  5:59  Drone x2  
  60  6:00  Drone x6  
  60  6:01  Drone x2  
  70  6:05  Queen x2  
  74  6:16  Ultralisk Cavern  
  73  6:21  Queen  
  73  6:24  Overlord x2  
  73  6:25  Overlord x3  
  75  6:30  Drone x6  
  75  6:31  Drone  
  82  6:33  Extractor  
  82  6:34  Extractor  
  80  6:41  Drone  
  80  6:45  Drone x3  
  84  6:48  Drone  
  84  6:49  Drone  
  84  6:50  Drone  
  84  7:30  Spore Crawler  
  84  7:32  Spore Crawler x2  
  84  7:33  Spore Crawler  
  80  7:38  Ultralisk  
  80  7:39  Ultralisk x6  
  80  7:44  Overlord x5  
  122  7:50  Extractor  
  121  7:55  Chitinous Plating  
  121  7:59  Overlord x3  
  121  8:01  Evolution Chamber  
  121  8:04  Evolution Chamber  
  119  8:30  Zergling x2  
  119  8:32  Ultralisk x3  
  119  8:33  Zergling x4  
  119  8:34  Zergling x20  
  150  8:51  Zergling x4  
  150  8:52  Zergling x22  
  163  9:03  Ultralisk  
  169  9:20  Ultralisk  
  169  9:24  Overlord x5  
  175  9:28  Zergling x2  
  175  9:29  Zergling x4  
  178  9:45  Ultralisk  
  178  9:47  Zergling x2  
  178  9:48  Zergling x18  
Show
View Real Time Build Order
Export as new Build Order

Skeptik Terran 

Build Orders: 1/1/1, Mech 

Get SALT Encoding   

  12  0:02  SCV  
  13  0:14  SCV  
  13  0:18  Supply Depot  
  14  0:26  SCV  
  15  0:32  Refinery  
  15  0:41  Barracks  
  15  0:45  SCV  
  16  0:57  SCV  
  17  1:09  SCV  
  18  1:23  Refinery  
  18  1:27  SCV  
  19  1:35  Factory  
  19  1:39  Orbital Command  
  19  1:49  Supply Depot  
  19  1:55  Barracks Tech Lab  
  19  2:04  SCV  
  20  2:19  SCV  
  21  2:23  Starport  
  21  2:32  Barracks Reactor  
  21  2:34  SCV  
  21  2:36  Siege Tank  
  25  2:48  SCV  
  26  2:54  Supply Depot  
  26  3:08  Siege Tank  
  29  3:18  Medivac  
  31  3:26  Command Center  
  31  3:38  Medivac  
  33  3:43  SCV  
  34  4:02  SCV  
  35  4:06  Supply Depot  
  35  4:07  Liberator  
  35  4:11  Supply Depot  
  35  4:13  Factory  
  35  4:14  SCV  
  36  4:28  SCV  
  40  4:40  SCV  
  40  4:45  Siege Tank  
  44  4:52  SCV  
  45  5:00  Factory Tech Lab  
  45  5:04  SCV  
  45  5:06  Orbital Command  
  46  5:13  Armory  
  46  5:33  Siege Tank  
  49  5:36  SCV  
  50  5:45  SCV, Refinery  
  50  5:47  Refinery  
  50  5:49  SCV  
  52  5:50  Liberator  
  52  5:57  SCV  
  53  6:10  SCV  
  57  6:19  Command Center  
  57  6:20  Siege Tank  
  57  6:22  SCV  
  61  6:27  SCV  
  62  6:33  Terran Vehicle Weapons Level 1  
  62  6:34  SCV  
  62  6:39  SCV  
  64  6:40  Factory  
  64  6:47  SCV  
  65  6:51  SCV  
  66  7:12  Siege Tank  
  66  7:13  Liberator  
  69  7:21  Supply Depot x2  
  69  7:24  Supply Depot  
  69  7:26  SCV  
  70  7:30  Siege Tank  
  70  7:31  Armory  
  76  7:54  Siege Tank  
  79  8:00  Factory  
  79  8:01  Factory  
  79  8:06  Factory Tech Lab  
  79  8:22  Terran Vehicle And Ship Armor Level 1, Refinery, Engineering Bay  
  79  8:28  Supply Depot  
  79  8:29  Thor, Refinery  
  79  8:30  Supply Depot  
  85  8:51  SCV  
  85  8:53  SCV  
  87  8:57  Factory Reactor  
  87  8:58  Factory Tech Lab  
  87  9:03  SCV, Siege Tank  
  87  9:05  SCV  
  83  9:15  SCV  
  72  9:17  SCV  
  72  9:30  Barracks  
  70  9:33  Siege Tank x3  
  70  9:34  Hellbat x2  
  70  9:35  Hellbat  
  58  9:55  Hellbat  
  58  9:56  Hellbat  
  58  9:57  Hellbat  
Tags
 
Add a new tag
Caveats
  • Supply blocks, unpowered buildings, or Contaminate may cause inaccurate times.
  • Supply counts are checked every 10 seconds.